[Event "35th European Club Cup 2019"]
[Site "Ulcinj"]
[Date "2019.11.12"]
[Round "3.6"]
[White "Murzin, Volodar"]
[Black "Damjanovic, Vladimir"]
[Result "1-0"]
[ECO "B40"]
[WhiteElo "2429"]
[BlackElo "2398"]
[Annotator "NA"]
[PlyCount "89"]
[EventDate "2019.11.10"]
[EventType "team-tourn"]
[EventCountry "MNE"]
[SourceTitle "playchess.com"]
[Source "ChessBase"]
[SourceQuality "1"]
[WhiteTeam "Moscow Chess Team"]
[BlackTeam "Itaka"]
[TimeControl "40/5400+30:1800+30"]

1. e4 c5 2. Nf3 e6 3. g3 d5 4. exd5 exd5 5. d4 Nf6 6. Bg2 Nc6 7. O-O h6 8. Re1+ Be6 9. Nbd2 Qb6 10. Nb3 c4 11. Nbd2 Nxd4 12. Nxd4 Qxd4 13. c3 Qc5 14. Nf3 Qb6 15. Be3 Bc5 16. Qa4+ Ke7 17. Nd4 Rhe8 18. b4 cxb3 19. axb3 a5 20. Reb1 Bd7 21. Qa2 Ng4 22. Bf4 Kf8 23. b4 Bxd4 24. cxd4 Bf5 25. Rd1 axb4 26. Qxa8 Rxa8 27. Rxa8+ Ke7 28. Bxd5 g5 29. Rb8 gxf4 30. Rxb7+ Qxb7 31. Bxb7 fxg3 32. hxg3 Bc2 33. Re1+ Kd6 34. Be4 Bxe4 35. Rxe4 Nf6 36. Rf4 Nd5 37. Rxf7 Kc6 38. Kf1 Nc3 39. Rf3 Kd5 40. Ke1 Kxd4 41. Rf4+ Kc5 42. Kd2 Nd5 43. Rh4 Nf6 44. Rxh6 Ne4+ 45. Ke3 1-0

[Event "35th European Club Cup 2019"]
[Site "Ulcinj"]
[Date "2019.11.12"]
[Round "3.6"]
[White "Rendboe, John Filip"]
[Black "Vanheirzeele, Daniel"]
[Result "1/2-1/2"]
[ECO "E00"]
[WhiteElo "2119"]
[BlackElo "2105"]
[Annotator "NA"]
[PlyCount "60"]
[EventDate "2019.11.10"]
[EventType "team-tourn"]
[EventCountry "MNE"]
[SourceTitle "playchess.com"]
[Source "ChessBase"]
[SourceQuality "1"]
[WhiteTeam "Aarhus Skolerne"]
[BlackTeam "KGSRL Gent"]
[TimeControl "40/5400+30:1800+30"]

1. c4 Nf6 2. d4 e6 3. Nc3 Bb4 4. e3 b6 5. Nge2 Ne4 6. f3 Nxc3 7. bxc3 Bd6 8. e4 O-O 9. Be3 c5 10. e5 Be7 11. Ng3 f5 12. exf6 Bxf6 13. Be2 Nc6 14. O-O cxd4 15. cxd4 Ba6 16. Rc1 Rc8 17. d5 Na5 18. c5 Bxe2 19. Nxe2 bxc5 20. Rxc5 Nc4 21. Bf2 Qe7 22. Rxc8 Rxc8 23. Ng3 e5 24. Qa4 Nb6 25. Qb5 Qd6 26. Rd1 Qc7 27. Ne4 Qc2 28. Qb3 Qxb3 29. axb3 Rc2 30. Kf1 Rb2 1/2-1/2

[Event "35th European Club Cup 2019"]
[Site "Ulcinj"]
[Date "2019.11.12"]
[Round "3.7"]
[White "Kalezic, Blazo"]
[Black "Cernousek, Lukas"]
[Result "1-0"]
[ECO "B50"]
[WhiteElo "2455"]
[BlackElo "2461"]
[Annotator "ChessBase"]
[PlyCount "81"]
[EventDate "2019.11.10"]
[EventType "team-tourn"]
[EventCountry "MNE"]
[SourceTitle "playchess.com"]
[Source "ChessBase"]
[SourceQuality "1"]
[WhiteTeam "Buducnost"]
[BlackTeam "Unichess"]
[TimeControl "40/5400+30:1800+30"]

1. e4 c5 2. Nf3 d6 3. d4 Nf6 4. dxc5 Qa5+ 5. Nbd2 Nxe4 6. b4 Qxb4 7. Rb1 Qa5 8. Rb5 Qa4 9. Nxe4 Qxe4+ 10. Be3 dxc5 11. Bd3 Qd5 12. Rxc5 Qd8 13. Ne5 Nc6 14. O-O Nxe5 15. Rxe5 e6 16. Qg4 Bd7 17. Rd1 Qc7 18. Bb5 Bc6 19. Bf4 Bd6 20. Rxe6+ fxe6 21. Bxd6 Qf7 22. Bxc6+ bxc6 23. c4 Qf6 24. h4 Kf7 25. Rd3 Kg8 26. Rf3 Qg6 27. Qf4 h5 28. Be5 Rh6 29. Kh2 Qf5 30. Qd4 Qg4 31. Rf4 Qg6 32. Qd7 Rf8 33. Qxc6 Rf5 34. Qd6 Qf7 35. c5 Rxf4 36. Bxf4 Rf6 37. Bg3 e5 38. Qxe5 Qxa2 39. c6 Qf7 40. Qb8+ Kh7 41. c7 1-0

[Event "35th European Club Cup 2019"]
[Site "Ulcinj"]
[Date "2019.11.12"]
[Round "3.8"]
[White "Burg, Twan"]
[Black "Riff, Jean-Noel"]
[Result "1/2-1/2"]
[ECO "A13"]
[WhiteElo "2536"]
[BlackElo "2514"]
[Annotator "ChessBase"]
[PlyCount "83"]
[EventDate "2019.11.10"]
[EventType "team-tourn"]
[EventCountry "MNE"]
[SourceTitle "playchess.com"]
[Source "ChessBase"]
[SourceQuality "1"]
[WhiteTeam "Echiquier Mosan"]
[BlackTeam "Mulhouse"]
[TimeControl "40/5400+30:1800+30"]

1. c4 e6 2. Nc3 Bb4 3. Qc2 Nc6 4. d4 d6 5. Nf3 h6 6. Bg5 Nf6 7. Bd2 Qe7 8. a3 Bxc3 9. Bxc3 e5 10. dxe5 Nxe5 11. Nxe5 dxe5 12. g3 O-O 13. Bg2 a5 14. O-O Re8 15. b3 Qc5 16. Bb2 Ra6 17. Qc3 e4 18. Rad1 Bg4 19. Rd5 Qf8 20. Rxa5 Bxe2 21. Re1 Bd3 22. Rxa6 bxa6 23. h3 Qc5 24. Re3 a5 25. g4 Rb8 26. Bf1 Qb6 27. Bxd3 Qxb3 28. Bxe4 Qxb2 29. Qxb2 Rxb2 30. Bg2 Ra2 31. Re7 Ra1+ 32. Kh2 c5 33. Rc7 Rxa3 34. Rxc5 Rc3 35. Rc8+ Kh7 36. c5 a4 37. c6 a3 38. f4 g5 39. fxg5 hxg5 40. Ra8 Kg7 41. Ra5 Kg6 42. Ra8 1/2-1/2

[Event "35th European Club Cup 2019"]
[Site "Ulcinj"]
[Date "2019.11.12"]
[Round "3.8"]
[White "Simek, Petr"]
[Black "Sukovic, Andrej"]
[Result "1/2-1/2"]
[ECO "E62"]
[WhiteElo "2307"]
[BlackElo "2254"]
[Annotator "NA"]
[PlyCount "164"]
[EventDate "2019.11.10"]
[EventType "team-tourn"]
[EventCountry "MNE"]
[SourceTitle "playchess.com"]
[Source "ChessBase"]
[SourceQuality "1"]
[WhiteTeam "Unichess"]
[BlackTeam "Buducnost"]
[TimeControl "40/5400+30:1800+30"]

1. d4 Nf6 2. c4 g6 3. g3 Bg7 4. Bg2 O-O 5. Nc3 d6 6. Nf3 Nc6 7. O-O Bg4 8. h3 Bxf3 9. Bxf3 Nd7 10. e3 e5 11. dxe5 Ncxe5 12. Bxb7 Rb8 13. Bg2 Nxc4 14. Qc2 Nc5 15. Rb1 a5 16. Rd1 Ne5 17. b3 h5 18. Bb2 h4 19. g4 Na6 20. Qe2 Nc5 21. Ba1 Ned7 22. Nb5 Bxa1 23. Rxa1 Ne6 24. Rac1 Ndc5 25. Na7 Qe8 26. Qd2 Rb6 27. Qd5 Nd8 28. a4 Qe6 29. Rc3 Qxd5 30. Bxd5 Ra6 31. Nb5 c6 32. Nxd6 cxd5 33. Rxc5 Rxd6 34. Rxa5 Ne6 35. Raxd5 Rb6 36. R1d3 Rfb8 37. g5 Rxb3 38. Rxb3 Rxb3 39. Kg2 Ra3 40. a5 Kf8 41. Re5 Ke7 42. f4 Kd6 43. Kf3 Nd4+ 44. Kg4 Nf5 45. Kf3 Ra2 46. e4 Ra3+ 47. Kg2 Ne3+ 48. Kh2 Ra2+ 49. Kg1 Nc4 50. Rd5+ Kc6 51. Rd8 Rxa5 52. Rc8+ Kb5 53. Rc7 Ra1+ 54. Kg2 Nd6 55. e5 Ra2+ 56. Kg1 Nf5 57. Rxf7 Kc5 58. Rf6 Kd5 59. Rxg6 Ke4 60. Rb6 Kxf4 61. g6 Kxe5 62. Rb4 Ra7 63. Rg4 Kf6 64. Kf2 Rg7 65. Kf3 Rxg6 66. Rxg6+ Kxg6 67. Kg4 Kf6 68. Kh5 Ke6 69. Kg4 Kf6 70. Kh5 Kf7 71. Kg5 Ke6 72. Kg4 Ke5 73. Kg5 Ke4 74. Kg4 Ke3 75. Kxf5 Kf3 76. Ke5 Kg3 77. Ke4 Kxh3 78. Kf3 Kh2 79. Kf2 h3 80. Kf1 Kg3 81. Kg1 h2+ 82. Kh1 Kh3 1/2-1/2

[Event "35th European Club Cup 2019"]
[Site "Ulcinj"]
[Date "2019.11.12"]
[Round "3.9"]
[White "Djukic, Nikola"]
[Black "Vrbata, Zbynek"]
[Result "1-0"]
[ECO "C18"]
[WhiteElo "2507"]
[BlackElo "2353"]
[Annotator "ChessBase"]
[PlyCount "53"]
[EventDate "2019.11.10"]
[EventType "team-tourn"]
[EventCountry "MNE"]
[SourceTitle "playchess.com"]
[Source "ChessBase"]
[SourceQuality "1"]
[WhiteTeam "Buducnost"]
[BlackTeam "Unichess"]
[TimeControl "40/5400+30:1800+30"]

1. e4 e6 2. d4 d5 3. Nc3 Bb4 4. e5 c5 5. a3 Bxc3+ 6. bxc3 Ne7 7. Qg4 Qc7 8. Bd3 cxd4 9. Ne2 dxc3 10. Qxg7 Rg8 11. Qxh7 Nbc6 12. Bf4 Bd7 13. O-O O-O-O 14. Bg3 Nxe5 15. Rfe1 N7c6 16. Nxc3 a6 17. Qh6 Qa5 18. Na2 f6 19. Nb4 Rdf8 20. Rab1 Qc5 21. Be2 Nf7 22. Qd2 Ng5 23. Bd3 Ne5 24. Qe2 Nc4 25. Nxa6 Qd4 26. c3 Qa7 27. Bxc4 1-0

[Event "35th European Club Cup 2019"]
[Site "Ulcinj"]
[Date "2019.11.12"]
[Round "3.9"]
[White "Sokolov, Andrei"]
[Black "Beerdsen, Thomas"]
[Result "0-1"]
[ECO "B48"]
[WhiteElo "2497"]
[BlackElo "2468"]
[Annotator "ChessBase"]
[PlyCount "100"]
[EventDate "2019.11.10"]
[EventType "team-tourn"]
[EventCountry "MNE"]
[SourceTitle "playchess.com"]
[Source "ChessBase"]
[SourceQuality "1"]
[WhiteTeam "Mulhouse"]
[BlackTeam "Echiquier Mosan"]
[TimeControl "40/5400+30:1800+30"]

1. e4 c5 2. Nf3 e6 3. d4 cxd4 4. Nxd4 Nc6 5. Nc3 Qc7 6. Be3 a6 7. Qd2 Nf6 8. O-O-O Bb4 9. f3 b5 10. g4 h6 11. Nxc6 Qxc6 12. Bd4 Be7 13. Bd3 b4 14. Ne2 d5 15. Ng3 Bb7 16. Kb1 O-O-O 17. e5 Nd7 18. f4 Nb6 19. b3 Kb8 20. Qe3 Nd7 21. Rc1 Bc5 22. Ne2 Qb6 23. c3 Rc8 24. cxb4 Qxb4 25. Rc2 Rc7 26. Rhc1 Rhc8 27. f5 a5 28. fxe6 fxe6 29. Bxc5 Nxc5 30. Nd4 a4 31. Bg6 axb3 32. axb3 Ba6 33. Qd2 Qxd2 34. Rxd2 Ne4 35. Rxc7 Nxd2+ 36. Kc2 Rxc7+ 37. Kxd2 Bc8 38. h4 Rb7 39. g5 hxg5 40. hxg5 Kc7 41. Bf7 Rb6 42. Kc3 Kd7 43. b4 Ba6 44. Bh5 Bc4 45. Bf7 Ke7 46. g6 Bb5 47. Nb3 Be8 48. Bxe8 Kxe8 49. Nd4 Kd7 50. b5 Rb8 0-1

[Event "35th European Club Cup 2019"]
[Site "Ulcinj"]
[Date "2019.11.12"]
[Round "3.10"]
[White "Umudova, Nargiz"]
[Black "Papadiamandis, Elliot"]
[Result "0-1"]
[ECO "B51"]
[WhiteElo "2270"]
[BlackElo "2220"]
[Annotator "NA"]
[PlyCount "80"]
[EventDate "2019.11.10"]
[EventType "team-tourn"]
[EventCountry "MNE"]
[SourceTitle "playchess.com"]
[Source "ChessBase"]
[SourceQuality "1"]
[WhiteTeam "Echiquier Mosan"]
[BlackTeam "Mulhouse"]
[TimeControl "40/5400+30:1800+30"]

1. e4 c5 2. Nf3 d6 3. Bb5+ Nd7 4. d4 cxd4 5. Qxd4 a6 6. Be2 e5 7. Qe3 Qa5+ 8. Bd2 Qc5 9. c4 Ngf6 10. Nc3 Be7 11. O-O Qxe3 12. Bxe3 Ng4 13. Bd2 Nc5 14. b4 Ne6 15. Nd5 Bd8 16. Rfd1 Nf6 17. Nxf6+ Bxf6 18. Be3 Be7 19. Nd2 O-O 20. Nb1 a5 21. b5 Nd4 22. Bxd4 exd4 23. Nd2 Bf6 24. Rac1 a4 25. f4 Re8 26. Bf3 g5 27. e5 dxe5 28. Ne4 Be7 29. fxe5 g4 30. Be2 Bf5 31. Bd3 Bxe4 32. Bxe4 Bc5 33. Bxb7 Ra7 34. Bd5 Rxe5 35. Rb1 Rae7 36. g3 d3+ 37. Kh1 d2 38. Bg2 Re1+ 39. Bf1 Rxd1 40. Rxd1 Re1 0-1

[Event "35th European Club Cup 2019"]
[Site "Ulcinj"]
[Date "2019.11.12"]
[Round "3.10"]
[White "Bartos, Jan"]
[Black "Darmanovic, Srdjan"]
[Result "1/2-1/2"]
[ECO "A46"]
[WhiteElo "2136"]
[BlackElo "2192"]
[Annotator "NA"]
[PlyCount "64"]
[EventDate "2019.11.10"]
[EventType "team-tourn"]
[EventCountry "MNE"]
[SourceTitle "playchess.com"]
[Source "ChessBase"]
[SourceQuality "1"]
[WhiteTeam "Unichess"]
[BlackTeam "Buducnost"]
[TimeControl "40/5400+30:1800+30"]

1. d4 Nf6 2. Nf3 e6 3. e3 b6 4. Bd3 Bb7 5. O-O c5 6. c4 Be7 7. Nc3 cxd4 8. exd4 d6 9. d5 e5 10. Bd2 O-O 11. b4 Nbd7 12. Qc2 Rc8 13. Rfe1 a6 14. Qb3 g6 15. h3 Re8 16. Bf1 Bf8 17. a4 Bg7 18. Ra2 h6 19. Be3 Qc7 20. Rc1 Rb8 21. a5 bxa5 22. Rxa5 Rec8 23. Qa3 Bf8 24. Nd2 Qd8 25. Nb3 Kh7 26. Qa2 Kg7 27. Qd2 Kh7 28. Ra3 Nb6 29. Na5 Ba8 30. Na4 Nfd7 31. Nxb6 Nxb6 32. Nb3 f5 1/2-1/2

[Event "35th European Club Cup 2019"]
[Site "Ulcinj"]
[Date "2019.11.12"]
[Round "3.11"]
[White "Netzer, Jacques"]
[Black "Noiroux, Kevin"]
[Result "1-0"]
[ECO "B01"]
[WhiteElo "2284"]
[BlackElo "2170"]
[Annotator "NA"]
[PlyCount "61"]
[EventDate "2019.11.10"]
[EventType "team-tourn"]
[EventCountry "MNE"]
[SourceTitle "playchess.com"]
[Source "ChessBase"]
[SourceQuality "1"]
[WhiteTeam "Mulhouse"]
[BlackTeam "Echiquier Mosan"]
[TimeControl "40/5400+30:1800+30"]

1. e4 d5 2. exd5 Qxd5 3. Nc3 Qa5 4. Bc4 Nf6 5. d3 Bg4 6. f3 Bd7 7. f4 Qb6 8. Qe2 Nc6 9. Nf3 e6 10. Bd2 Nd4 11. Nxd4 Qxd4 12. Be3 Qd6 13. O-O-O a6 14. Rhe1 b5 15. Ne4 Qc6 16. Nxf6+ gxf6 17. Bb3 a5 18. d4 Qe4 19. d5 a4 20. Rd4 Qg6 21. dxe6 fxe6 22. Rxd7 axb3 23. Rxc7 Bd6 24. Qxb5+ Kf8 25. f5 exf5 26. Bc5 Qg5+ 27. Kb1 Qd2 28. Bxd6+ Qxd6 29. Qc4 bxc2+ 30. Kxc2 Qxc7 31. Qxc7 1-0

[Event "35th European Club Cup 2019"]
[Site "Ulcinj"]
[Date "2019.11.12"]
[Round "3.11"]
[White "Alivodic, Dario"]
[Black "Lamser, Jan"]
[Result "0-1"]
[ECO "D32"]
[WhiteElo "2082"]
[BlackElo "2134"]
[Annotator "ChessBase"]
[PlyCount "103"]
[EventDate "2019.11.10"]
[EventType "team-tourn"]
[EventCountry "MNE"]
[SourceTitle "playchess.com"]
[Source "ChessBase"]
[SourceQuality "1"]
[WhiteTeam "Buducnost"]
[BlackTeam "Unichess"]
[TimeControl "40/5400+30:1800+30"]

1. d4 d5 2. c4 e6 3. Nc3 c5 4. cxd5 exd5 5. Nf3 Nc6 6. e3 Nf6 7. Be2 Be7 8. O-O O-O 9. b3 Re8 10. Bb2 Bg4 11. Rc1 Bxf3 12. Bxf3 cxd4 13. exd4 Bb4 14. a3 Bxc3 15. Bxc3 Ne4 16. Bb2 Qb6 17. Qd3 Re6 18. Bg4 Re7 19. b4 Rae8 20. Rfe1 Ne5 21. Qd1 Nc4 22. Ba1 Kf8 23. Be2 Qf6 24. f3 Ned2 25. Kh1 Qg5 26. f4 Qxf4 27. Bc3 Qf2 28. Rg1 Rxe2 29. Bxd2 Rxd2 30. Qh5 Qxd4 31. Qxh7 Ree2 32. Qh8+ Ke7 33. Qc8 Qe4 34. Qxb7+ Kf8 35. Qb8+ Qe8 36. Qxa7 g6 37. Rcf1 Ne3 38. Re1 Nf5 39. Rxe2 Qxe2 40. Qb8+ Kg7 41. b5 Nd4 42. Qg3 Nxb5 43. a4 Rd3 44. Qf4 Nd4 45. a5 Qe4 46. Qf2 Qe3 47. Qb2 Rd2 48. Qa1 Kh7 49. a6 Nf5 50. Qf6 Qe7 51. Qc3 Ra2 52. Qb3 0-1

[Event "35th European Club Cup 2019"]
[Site "Ulcinj"]
[Date "2019.11.12"]
[Round "3.12"]
[White "Vanek, Petr"]
[Black "Vuckovic, Marko"]
[Result "1-0"]
[ECO "B23"]
[WhiteElo "2049"]
[BlackElo "2054"]
[Annotator "NA"]
[PlyCount "50"]
[EventDate "2019.11.10"]
[EventType "team-tourn"]
[EventCountry "MNE"]
[SourceTitle "playchess.com"]
[Source "ChessBase"]
[SourceQuality "1"]
[WhiteTeam "Unichess"]
[BlackTeam "Buducnost"]
[TimeControl "40/5400+30:1800+30"]

1. e4 c5 2. Nc3 e6 3. g3 Nc6 4. Bg2 a6 5. d3 Nf6 6. f4 d5 7. e5 Nd7 8. Nf3 b5 9. O-O Be7 10. Ne2 Bb7 11. c3 a5 12. Kh1 a4 13. d4 b4 14. f5 exf5 15. Nf4 Nb6 16. dxc5 Bxc5 17. Nd4 Bxd4 18. cxd4 O-O 19. g4 fxg4 20. Qxg4 Ne7 21. Nh5 Ng6 22. Bg5 Qc8 23. Qg3 h6 24. Be7 Re8 25. Bc5 Qc6 1-0

[Event "35th European Club Cup 2019"]
[Site "Ulcinj"]
[Date "2019.11.12"]
[Round "3.12"]
[White "Bikady, Claude"]
[Black "Richard, Emma"]
[Result "1/2-1/2"]
[ECO "A46"]
[WhiteElo "1912"]
[BlackElo "2157"]
[Annotator "NA"]
[PlyCount "61"]
[EventDate "2019.11.10"]
[EventType "team-tourn"]
[EventCountry "MNE"]
[SourceTitle "playchess.com"]
[Source "ChessBase"]
[SourceQuality "1"]
[WhiteTeam "Echiquier Mosan"]
[BlackTeam "Mulhouse"]
[TimeControl "40/5400+30:1800+30"]

1. d4 Nf6 2. Nf3 e6 3. Bf4 d5 4. e3 Bd6 5. Bg3 O-O 6. Nbd2 c5 7. c3 Qc7 8. Bd3 Nbd7 9. Qe2 e5 10. dxe5 Bxe5 11. Bxe5 Nxe5 12. Nxe5 Qxe5 13. Nf3 Qe7 14. h3 b6 15. O-O Ne4 16. Rfe1 Bb7 17. a4 a5 18. Qc2 Rad8 19. Rad1 h6 20. Bb5 Rd6 21. Kh2 Rfd8 22. Qe2 g5 23. Nd2 Nf6 24. g3 Kg7 25. Qf1 h5 26. Be2 g4 27. h4 Nd7 28. f4 Nf6 29. Bd3 Ne4 30. Nxe4 dxe4 31. Be2 1/2-1/2

[Event "35th European Club Cup 2019"]
[Site "Ulcinj"]
[Date "2019.11.12"]
[Round "3.13"]
[White "Pijpers, Arthur"]
[Black "Vedder, Henk"]
[Result "1-0"]
[ECO "C11"]
[WhiteElo "2473"]
[BlackElo "2342"]
[Annotator "ChessBase"]
[PlyCount "89"]
[EventDate "2019.11.10"]
[EventType "team-tourn"]
[EventCountry "MNE"]
[SourceTitle "playchess.com"]
[Source "ChessBase"]
[SourceQuality "1"]
[WhiteTeam "LSG IntelliMagic"]
[BlackTeam "En Passant"]
[TimeControl "40/5400+30:1800+30"]

1. e4 e6 2. d4 d5 3. Nc3 Nf6 4. e5 Nfd7 5. f4 c5 6. Nf3 Nc6 7. Be3 cxd4 8. Nxd4 Bc5 9. Qd2 Nxd4 10. Bxd4 Bxd4 11. Qxd4 Qb6 12. Nb5 Qxd4 13. Nxd4 Ke7 14. Be2 a6 15. Rc1 Nb6 16. h4 h5 17. Rh3 Na4 18. c4 Rd8 19. c5 Nxb2 20. Bxh5 Nc4 21. Be2 Bd7 22. Bxc4 dxc4 23. Rxc4 Rac8 24. Rhc3 Bc6 25. Nxc6+ Rxc6 26. a4 f6 27. exf6+ Kxf6 28. g4 Rd5 29. Ke2 g6 30. Ke3 Rd1 31. Rb4 Rc7 32. Ke4 Re1+ 33. Re3 Rxe3+ 34. Kxe3 Rxc5 35. Rxb7 Rc4 36. a5 Ra4 37. h5 gxh5 38. g5+ Kf5 39. Rf7+ Kg4 40. g6 Ra3+ 41. Ke4 Rg3 42. g7 Kh3 43. Ke5 Rg6 44. f5 exf5 45. Kxf5 1-0

[Event "35th European Club Cup 2019"]
[Site "Ulcinj"]
[Date "2019.11.12"]
[Round "3.13"]
[White "Leenhouts, Koen"]
[Black "Kjartansson, Gudmundur"]
[Result "1-0"]
[ECO "D31"]
[WhiteElo "2424"]
[BlackElo "2454"]
[Annotator "ChessBase"]
[PlyCount "69"]
[EventDate "2019.11.10"]
[EventType "team-tourn"]
[EventCountry "MNE"]
[SourceTitle "playchess.com"]
[Source "ChessBase"]
[SourceQuality "1"]
[WhiteTeam "HWP Sas van Gent"]
[BlackTeam "Reykjavik CC"]
[TimeControl "40/5400+30:1800+30"]

1. d4 d5 2. c4 e6 3. Nc3 c6 4. e4 dxe4 5. Nxe4 Bb4+ 6. Bd2 Qxd4 7. Bxb4 Qxe4+ 8. Be2 Na6 9. Ba5 b6 10. Qd6 Bd7 11. Bc3 f6 12. O-O-O O-O-O 13. Qa3 Kb7 14. Bf3 Qf4+ 15. Rd2 Qc7 16. Ne2 e5 17. Ng3 Nh6 18. Rhd1 Nf7 19. b4 Be6 20. b5 Nb8 21. Ne4 Rxd2 22. Rxd2 Rd8 23. bxc6+ Nxc6 24. Nc5+ bxc5 25. Ba5 Rxd2 26. Qb3+ Kc8 27. Bxc7 Rd4 28. Qb5 Rxc4+ 29. Kd1 e4 30. Qxc6 Rd4+ 31. Ke1 Bd7 32. Qxc5 exf3 33. Bb6+ Kb7 34. Qc7+ Ka6 35. Bxd4 1-0

[Event "35th European Club Cup 2019"]
[Site "Ulcinj"]
[Date "2019.11.12"]
[Round "3.14"]
[White "Gretarsson, Helgi Ass"]
[Black "Cardon, Helmut"]
[Result "*"]
[ECO "A05"]
[WhiteElo "2415"]
[BlackElo "2398"]
[Annotator "NA RC"]
[PlyCount "78"]
[EventDate "2019.11.10"]
[EventType "team-tourn"]
[EventCountry "MNE"]
[SourceTitle "playchess.com"]
[Source "ChessBase"]
[SourceQuality "1"]
[WhiteTeam "Reykjavik CC"]
[BlackTeam "HWP Sas van Gent"]
[TimeControl "40/5400+30:1800+30"]

1. Nf3 Nf6 2. c4 e6 3. Nc3 d5 4. d4 Nbd7 5. cxd5 exd5 6. Bg5 Be7 7. e3 O-O 8. Bd3 Re8 9. Qc2 Nf8 10. h3 Be6 11. O-O Nh5 12. Bxe7 Qxe7 13. Rfe1 Rad8 14. b4 c6 15. Na4 Rd6 16. Nc5 Bc8 17. a4 Ng6 18. b5 b6 19. Nb3 Bd7 20. Rec1 Nf6 21. Bxg6 hxg6 22. Qe2 Ra8 23. Ne5 Qe8 24. Ra2 cxb5 25. Nxd7 Rxd7 26. axb5 Ne4 27. Rc6 Rc8 28. Qc2 Nd6 29. Nd2 Re7 30. Rxc8 Qxc8 31. Qxc8+ Nxc8 32. Rc2 Nd6 33. Nf3 f6 34. g4 Nxb5 35. Rc8+ Kf7 36. g5 Nc7 37. h4 a5 38. Nd2 a4 39. Rb8 Re6 *

[Event "35th European Club Cup 2019"]
[Site "Ulcinj"]
[Date "2019.11.12"]
[Round "3.14"]
[White "Van de Griendt, Jan Willem"]
[Black "Sprenger, Jan Michael"]
[Result "1/2-1/2"]
[ECO "A40"]
[WhiteElo "2340"]
[BlackElo "2492"]
[Annotator "ChessBase"]
[PlyCount "61"]
[EventDate "2019.11.10"]
[EventType "team-tourn"]
[EventCountry "MNE"]
[SourceTitle "playchess.com"]
[Source "ChessBase"]
[SourceQuality "1"]
[WhiteTeam "En Passant"]
[BlackTeam "LSG IntelliMagic"]
[TimeControl "40/5400+30:1800+30"]

1. d4 Nf6 2. c4 e6 3. g3 d5 4. Nf3 Bb4+ 5. Bd2 Be7 6. Bg2 O-O 7. O-O c6 8. Qc2 b6 9. Rd1 Ba6 10. b3 Nbd7 11. a4 c5 12. Na3 Bb7 13. Qb2 Ne4 14. Be1 Bf6 15. e3 Qc7 16. Rac1 Rac8 17. Qb1 Qb8 18. cxd5 exd5 19. Nb5 Rfe8 20. Nc3 Nf8 21. dxc5 Bxc3 22. Bxc3 Nxc3 23. Rxc3 bxc5 24. b4 d4 25. exd4 Be4 26. Qb3 Qxb4 27. Qc4 Qxc4 28. Rxc4 cxd4 29. Rcxd4 Bc2 30. Ra1 h6 31. h4 1/2-1/2

[Event "35th European Club Cup 2019"]
[Site "Ulcinj"]
[Date "2019.11.12"]
[Round "3.15"]
[White "Van Haastert, Edwin"]
[Black "Vedder, Richard"]
[Result "1-0"]
[ECO "D20"]
[WhiteElo "2439"]
[BlackElo "2257"]
[Annotator "ChessBase"]
[PlyCount "119"]
[EventDate "2019.11.10"]
[EventType "team-tourn"]
[EventCountry "MNE"]
[SourceTitle "playchess.com"]
[Source "ChessBase"]
[SourceQuality "1"]
[WhiteTeam "LSG IntelliMagic"]
[BlackTeam "En Passant"]
[TimeControl "40/5400+30:1800+30"]

1. d4 d5 2. c4 dxc4 3. e4 e5 4. Nf3 exd4 5. Bxc4 Nc6 6. O-O Be6 7. Bb5 Bc5 8. b4 Bb6 9. a4 a6 10. Bxc6+ bxc6 11. Bb2 Bg4 12. a5 Ba7 13. Nbd2 Rb8 14. Qc2 Ne7 15. Qc4 c5 16. Qxa6 Nc8 17. Ne5 Bd7 18. Nxd7 Qxd7 19. Nc4 O-O 20. bxc5 Bxc5 21. Ne5 Qb5 22. Qxb5 Rxb5 23. Nd3 Ba7 24. Rfc1 c5 25. Ba3 Rxa5 26. Nxc5 Re8 27. Nd3 f6 28. f3 Ne7 29. Bxe7 Rxa1 30. Rxa1 Rxe7 31. Kf2 Rb7 32. Ke2 Kf7 33. Ra6 Rc7 34. Nb4 Bc5 35. Nd5 Rb7 36. Rc6 Rb2+ 37. Kd3 Bf8 38. Rc7+ Kg6 39. Nf4+ Kh6 40. Ne6 Rb8 41. Rf7 Bd6 42. Nxg7 Kg6 43. Rd7 Rb3+ 44. Kxd4 Bxh2 45. Ne6 h5 46. f4 h4 47. f5+ Kh6 48. Nf8 Be5+ 49. Kd5 Rb5+ 50. Kc4 Ra5 51. Rh7+ Kg5 52. Ne6+ Kg4 53. Rg7+ Kh5 54. Rg6 h3 55. gxh3 Ra1 56. Nc5 Rc1+ 57. Kd5 Rd1+ 58. Ke6 Rd6+ 59. Kf7 Kh4 60. Ke7 1-0

[Event "35th European Club Cup 2019"]
[Site "Ulcinj"]
[Date "2019.11.12"]
[Round "3.15"]
[White "Verstraeten, Rein"]
[Black "Ezat, Mohamed"]
[Result "1/2-1/2"]
[ECO "E70"]
[WhiteElo "2379"]
[BlackElo "2452"]
[Annotator "ChessBase"]
[PlyCount "91"]
[EventDate "2019.11.10"]
[EventType "team-tourn"]
[EventCountry "MNE"]
[SourceTitle "playchess.com"]
[Source "ChessBase"]
[SourceQuality "1"]
[WhiteTeam "HWP Sas van Gent"]
[BlackTeam "Reykjavik CC"]
[TimeControl "40/5400+30:1800+30"]

1. d4 Nf6 2. c4 g6 3. Nc3 Bg7 4. e4 d6 5. Bd3 O-O 6. Nge2 Nc6 7. O-O Nd7 8. Be3 e5 9. d5 Ne7 10. f3 f5 11. exf5 Nxf5 12. Bd2 Nc5 13. Bc2 Nd4 14. b4 Nxc2 15. Qxc2 Bf5 16. Ne4 Nxe4 17. fxe4 Bg4 18. Rxf8+ Qxf8 19. Rf1 Qe7 20. Nc3 Rf8 21. Qc1 Qh4 22. Rxf8+ Bxf8 23. Bg5 Qh5 24. Nb5 Be2 25. Nxc7 Qg4 26. Ne8 Qc8 27. Nf6+ Kf7 28. Nxh7 Qxc4 29. Kf2 Qxc1 30. Bxc1 Bc4 31. a3 Be7 32. Bg5 Bf8 33. h4 Bd3 34. Kf3 Bc2 35. g3 Ba4 36. Ke3 Bg7 37. Bd8 Bh6+ 38. Bg5 Bg7 39. Kd2 Kg8 40. Nf6+ Bxf6 41. Bxf6 Kf7 42. Bg5 Bd7 43. Be3 a6 44. Bb6 Bg4 45. Ke3 Ke7 46. Kd3 1/2-1/2

[Event "35th European Club Cup 2019"]
[Site "Ulcinj"]
[Date "2019.11.12"]
[Round "3.16"]
[White "Petursson, Margeir"]
[Black "Maenhout, Thibaut"]
[Result "1-0"]
[ECO "A20"]
[WhiteElo "2464"]
[BlackElo "2372"]
[Annotator "ChessBase"]
[PlyCount "33"]
[EventDate "2019.11.10"]
[EventType "team-tourn"]
[EventCountry "MNE"]
[SourceTitle "playchess.com"]
[Source "ChessBase"]
[SourceQuality "1"]
[WhiteTeam "Reykjavik CC"]
[BlackTeam "HWP Sas van Gent"]
[TimeControl "40/5400+30:1800+30"]

1. c4 e5 2. g3 d6 3. Bg2 g6 4. Nc3 Bg7 5. e3 f5 6. Nge2 Nf6 7. b3 O-O 8. d3 c6 9. Ba3 Na6 10. Rc1 Nc7 11. Qd2 Rf7 12. O-O Be6 13. f4 Rd7 14. Rcd1 Bf7 15. Bxd6 Rxd6 16. fxe5 Rd7 17. exf6 1-0